 Dungeon Crawl Stone Soup version 0.30.0-10-gfe55d96785 (webtiles) character file.

Game seed: 18294991738513918428

97 RascalDebosk the Magician (level 5, -3/36 HPs)
             Began as a Djinni Earth Elementalist on May 14, 2023.
             Slain by a kobold
             ... wielding a +0 whip
              (5 damage)
             ... on level 3 of the Dungeon.
             The game lasted 00:10:18 (1775 turns).

RascalDebosk the Magician (DjEE)                    Turns: 1775, Time: 00:10:19

Health: -3/36      AC:  2    Str:  7    XL:     5   Next: 0%
Gold:   109        EV: 12    Int: 19    God:
                   SH:  0    Dex: 13

rFire   + + .        s - +0 dagger
rCold   x . .        (no shield)
rNeg    . . .        a - +0 robe
rPois   ∞            (no helmet)
rElec   .            (no cloak)
rCorr   .            (no gloves)
SInv    .            (boots unavailable)
Will    .....        (no amulet)
Stlth   ++           (no ring)
HPRegen 0.26/turn    (no ring)
MPRegen 0.00/turn

%: infuse magic (-4 HP)
@: flying
A: sickness immunity, fire resistance 2, cold vulnerability 1, float, innate
caster, HP casting, extra vitality 1
a: no special abilities


You were on level 3 of the Dungeon.
You visited 1 branch of the dungeon, and saw 3 of its levels.

You collected 109 gold pieces.

Inventory:

Hand Weapons
 s - a +0 dagger (weapon)
Armour
 a - a +0 robe (worn)
Jewellery
 j - an amulet of regeneration
Scrolls
 d - a scroll of enchant weapon {unknown}
 e - a scroll of enchant armour {unknown}
 f - a scroll of torment {unknown}
 h - a scroll of vulnerability {unknown}
Potions
 b - a potion of lignification {unknown}
 c - a potion of ambrosia {unknown}
 g - a potion of mutation {unknown}
 i - 3 potions of degeneration {unknown}


   Skills:
 * Level 0.4 Fighting
 + Level 2.2 Dodging
 + Level 1.6 Stealth
 * Level 4.0 Spellcasting
 + Level 0.1 Evocations


You knew the following spells:

 Your Spells              Type           Power      Damage    Failure   Level
a - Sandblast             Erth           38%        2d10      2%          1
b - Passwall              Tmut/Erth      15%        N/A       4%          2
c - Stone Arrow           Conj/Erth      38%        3d9       8%          3
d - Petrify               Tmut/Erth      19%        N/A       26%         4
e - Slow                  Hex            76%        N/A       2%          1
f - Blink                 Tloc           38%        N/A       4%          2
Your spell library was empty.

Dungeon Overview and Level Annotations

Branches:
Dungeon (3/15)

Altars:
Nemelex Xobeh


Innate Abilities, Weirdness & Mutations

You are immune to sickness and miasma.
You are immune to poison.
Your flesh is very heat resistant. (rF++)
You are vulnerable to cold. (rC-)
You float through the air rather than walking.
You learn spells naturally, not from books.
Your magical power is your life essence.
You have superior vitality. (+4 MHP)


Message History

A giant cockroach comes into view.
Casting: Sandblast (safe; 2% risk of failure)
Confirm with . or Enter, or press ? or * to list all spells.
Aiming: Sandblast (safe; 2% risk of failure)
Press: ? - help, Shift-Dir - straight line, f - giant cockroach
Aim: a giant cockroach (82% to hit)
The blast of sand hits the giant cockroach.
You kill the giant cockroach!
You now have 109 gold pieces (gained 3).
Found a ring mail.
Found a stone staircase leading down.
A frilled lizard comes into view.
A bat comes into view.
A gnoll comes into view. It is wielding a +0 club.
Casting: Sandblast (safe; 2% risk of failure)
Confirm with . or Enter, or press ? or * to list all spells.
Aiming: Sandblast (safe; 2% risk of failure)
Press: ? - help, Shift-Dir - straight line, f - bat
Aim: a bat (73% to hit)
The blast of sand misses the bat.
The gnoll shouts!
The frilled lizard hisses angrily.
The bat hits you.
A jackal comes into view.
The bat barely misses you.
Casting: Sandblast (safe; 2% risk of failure)
Confirm with . or Enter, or press ? or * to list all spells.
Aiming: Sandblast (safe; 2% risk of failure)
Press: ? - help, Shift-Dir - straight line, f/p - bat
Aim: a bat (73% to hit)
The blast of sand hits the bat.
You kill the bat!
The jackal barks!
You hear a shout!
A gnoll comes into view. It is wielding a +0 club.
Casting: Sandblast (safe; 2% risk of failure)
Confirm with . or Enter, or press ? or * to list all spells.
Aiming: Sandblast (safe; 2% risk of failure)
Press: ? - help, Shift-Dir - straight line, f - frilled lizard
Aim: a frilled lizard (70% to hit)
The blast of sand misses the frilled lizard.
Casting: Sandblast (safe; 2% risk of failure)
Confirm with . or Enter, or press ? or * to list all spells.
Aiming: Sandblast (safe; 2% risk of failure)
Press: ? - help, Shift-Dir - straight line, f/p - frilled lizard
Aim: a frilled lizard (70% to hit)
The blast of sand hits the frilled lizard!!
You kill the frilled lizard!
The jackal closely misses you.
Casting: Sandblast (safe; 2% risk of failure)
Confirm with . or Enter, or press ? or * to list all spells.
Aiming: Sandblast (safe; 2% risk of failure)
Press: ? - help, Shift-Dir - straight line, f - jackal
Aim: a jackal (77% to hit)
The blast of sand hits the jackal!
You kill the jackal!
The gnoll hits you with a +0 club!
Casting: Sandblast (safe; 2% risk of failure)
Confirm with . or Enter, or press ? or * to list all spells.
Aiming: Sandblast (safe; 2% risk of failure)
Press: ? - help, Shift-Dir - straight line, f - gnoll
Aim: a gnoll, wielding a +0 club (84% to hit)
The blast of sand hits the gnoll.
The gnoll is heavily wounded.
A kobold comes into view. It is wielding a +0 whip.
The gnoll hits you with a +0 club!
* * * LOW HITPOINT WARNING * * *
Casting: Sandblast (safe; 2% risk of failure)
Confirm with . or Enter, or press ? or * to list all spells.
Aiming: Sandblast (safe; 2% risk of failure)
Press: ? - help, Shift-Dir - straight line, f/p - gnoll
Aim: a gnoll, wielding a +0 club (heavily wounded, 84% to hit)
The blast of sand hits the gnoll.
The gnoll is almost dead.
* * * LOW HITPOINT WARNING * * *
The gnoll hits you with a +0 club.
* * * LOW HITPOINT WARNING * * *
The gnoll hits you with a +0 club.
* * * LOW HITPOINT WARNING * * *
Casting: Sandblast (safe; 2% risk of failure)
Confirm with . or Enter, or press ? or * to list all spells.
Aiming: Sandblast (safe; 2% risk of failure)
Press: ? - help, Shift-Dir - straight line, f/p - gnoll
Aim: a gnoll, wielding a +0 club (almost dead, 84% to hit)
The blast of sand hits the gnoll.
You kill the gnoll!
* * * LOW HITPOINT WARNING * * *
The gnoll closely misses you. The gnoll barely misses you.
You have reached level 5!
The power to cast Blink wells up from within.
Spell assigned to 'f'.
Casting: Sandblast (safe; 2% risk of failure)
Confirm with . or Enter, or press ? or * to list all spells.
You blink.
* * * LOW HITPOINT WARNING * * *
The kobold attacks as you move away! The kobold hits you with a +0 whip.
* * * LOW HITPOINT WARNING * * *
You feel stable enough to blink again. The kobold attacks as you move away!
The kobold closely misses you.
Things that are here:
a +0 dagger; 4 stones; a kobold corpse The kobold attacks as you move away!
The kobold hits you with a +0 whip.
You die...

#....#.# #.#.# #.#.##.#.### #.
#.#.# #.#........# #.###.#.#
#.##.......# # ....#.#.#
#.#........### #.#.#.#.#
#.#....#...... #.#.#.#.#
#.#.#.........
####.#.#.#.#########.#.##########
#.........g....K@................
.........#.#########.##....######
....§....#.........#.##....#
....)....#.........#..'....#
>..................####...[#
....#####..........# #....# [...
..............# ##.######## ...#
.#####........# #.......... ...
.........#### #..........


You could see a gnoll and a kobold.

Vanquished Creatures
  A gnoll (D:3)
  2 adders
  A dart slug (D:1)
  2 endoplasms (D:1)
  A giant cockroach (D:3)
  5 goblins
  8 hobgoblins
  6 jackals
  5 kobolds
  3 quokkas
  12 ball pythons
  8 bats
  5 frilled lizards
  2 rats (D:1)
61 creatures vanquished.

Notes
Turn   | Place    | Note
-------+----------+-------------------------------------------
     0 | D:1      | RascalDebosk the Djinni Earth Elementalist began the quest
                  | for the Orb.
     0 | D:1      | RascalDebosk set off with the following spells memorised:
                  | Sandblast, Passwall, Stone Arrow, Petrify.
     0 | D:1      | Reached XP level 1. HP: 15/15 MP: 0/0
    77 | D:1      | Reached XP level 2. HP: 16/21 MP: 0/0
   179 | D:1      | Reached skill level 3 in Spellcasting
   338 | D:1      | Reached XP level 3. HP: 20/25 MP: 0/0
   338 | D:1      | Learned a level 1 spell: Slow
   826 | D:2      | Found a sparkling altar of Nemelex Xobeh.
  1031 | D:2      | Reached XP level 4. HP: 30/31 MP: 0/0
  1686 | D:3      | Reached skill level 4 in Spellcasting
  1768 | D:3      | Reached XP level 5. HP: 4/36 MP: 0/0
  1768 | D:3      | Learned a level 2 spell: Blink
  1770 | D:3      | HP: 1/36 [kobold/+0 whip (1)]
  1775 | D:3      | Slain by a kobold

Illustrated notes

Levels and vault maps discovered:
D:1:      amcnicky_arrival_blooded_trapdoor, layout_rooms, st_stairs_3
D:2:      layout_basic, basic_altar, minmay_door_square
D:3:      layout_basic, nicolae_ru_sacrificial_ziggurat

Skill      XL: |  1  2  3  4 |
---------------+-------------+-----
Spellcasting   | 3 4 |  4.0
Fighting       | |  0.4
Dodging        | |  2.2
Stealth        | |  1.6
Evocations     | |  0.1

Action                     |  1- 3 |  4- 6 || total
---------------------------+-------+-------++-------
   Cast: Sandblast         |    54 |    32 ||    86
         Blink             |       |     1 ||     1
 Armour: Robe              |     3 |     3 ||     6
  Dodge: Dodged            |     5 |     9 ||    14
